[Event "Titled Tuesday Blitz August 15 Early 2023"]
[White "ArtemDyachuk"]
[Black "Novikova, Margarita"]
[BlackFideId "14109689"]
[WhiteElo "2537"]
[BlackElo "2124"]
[Result "1-0"]
[Round "1"]
[TimeControl "180+1"]
[Date "2023.08.15"]
[WhiteClock "0:00:59"]
[BlackClock "0:00:50"]
[Board "210"]

1. e4 d5 2. exd5 Qxd5 3. Nc3 Qd6 4. d4 Nf6 5. g3 c6 6. Bg2 Bg4 7. Nge2 e6 8. O-O Qc7 9. h3 Bh5 10. Bf4 Bd6 11. Qd2 Nd5 12. Bxd5 exd5 13. Bxd6 Qxd6 14. Nf4 Qh6 15. Rfe1+ Kd8 16. Ncxd5 cxd5 17. Qa5+ Kc8 18. Nxd5 Qd6 19. Ne7+ Kd7 20. Qxh5 Nc6 21. Qg4+ Kc7 22. Nf5 Qg6 23. Qf4+ Kb6 24. d5 Na5 25. b4 Nc4 26. Qxc4 Rac8 27. Qd4+ Kc7 28. Ne7 1-0


[Site "https://www.chess.com"]

[Event "Titled Tuesday Blitz August 15 Early 2023"]
[White "Azhar, Puteri Munajjah Az-Zahraa"]
[Black "Gontcharov, Vladislav"]
[WhiteFideId "5709040"]
[BlackFideId "4123492"]
[WhiteElo "2116"]
[BlackElo "2537"]
[Result "0-1"]
[Round "1"]
[TimeControl "180+1"]
[Date "2023.08.15"]
[WhiteClock "0:00:14"]
[BlackClock "0:00:19"]
[Board "211"]

1. e4 e6 2. d4 d5 3. Nc3 Bb4 4. Bd3 c5 5. a3 Bxc3+ 6. bxc3 Nf6 7. e5 Nfd7 8. Nf3 b6 9. O-O Ba6 10. Ne1 Bxd3 11. Nxd3 Nc6 12. Be3 O-O 13. Qg4 Kh8 14. f4 cxd4 15. cxd4 f5 16. exf6 Qxf6 17. Ne5 Ndxe5 18. fxe5 Qe7 19. Rf3 Rxf3 20. gxf3 Qf7 21. Kf2 Ne7 22. h4 Nf5 23. Bd2 Rc8 24. c3 Qe7 25. h5 h6 26. Qg6 Rc7 27. Rg1 Qf7 28. Qxf7 Rxf7 29. Rg6 Re7 30. Ke2 Kg8 31. Kd3 Kf7 32. c4 dxc4+ 33. Kxc4 Rc7+ 34. Kd3 Rd7 35. Bc3 Rd5 36. Ke4 Rb5 37. Rg1 Rb3 38. Bb4 a5 39. Bd6 Rc3 40. Rb1 Rc4 41. Rxb6 Rxd4# 0-1


[Site "https://www.chess.com"]

[Event "Titled Tuesday Blitz August 15 Early 2023"]
[White "Grossboss19"]
[Black "Floresvillar Gonzalez, Luis Migu"]
[BlackFideId "5100542"]
[WhiteElo "2536"]
[BlackElo "2111"]
[Result "1-0"]
[Round "1"]
[TimeControl "180+1"]
[Date "2023.08.15"]
[WhiteClock "0:00:44"]
[BlackClock "0:00:00"]
[Board "212"]

1. Nf3 d5 2. e3 Bg4 3. Be2 h5 4. c4 c6 5. Qb3 Qb6 6. cxd5 Qxb3 7. axb3 cxd5 8. Nc3 Bxf3 9. Bxf3 e6 10. d3 Nc6 11. O-O Bd6 12. Nb5 Bb8 13. Bd2 Nge7 14. Rfc1 O-O 15. Bxh5 a6 16. Na3 Be5 17. d4 Bd6 18. Be2 g6 19. Nc2 Kg7 20. Ne1 Rh8 21. h3 Nf5 22. Bxa6 Rxa6 23. Rxa6 bxa6 24. Rxc6 Rb8 25. g4 Rxb3 26. gxf5 Rxb2 27. Bc3 Rb3 28. Rxd6 Rxc3 29. fxe6 fxe6 30. Rxe6 Rc1 31. Kf1 a5 32. Ra6 Ra1 33. Ke2 Kh6 34. Nd3 Ra2+ 35. Kf3 Kg5 36. Nc5 Kf5 37. h4 g5 38. hxg5 Kxg5 39. Rd6 a4 40. Rxd5+ Kh4 41. Ne4 a3 42. Ra5 Ra1 43. Nc3 a2 44. Rxa2 Rc1 45. Ne2 Rc8 46. Nf4 1-0


[Site "https://www.chess.com"]

[Event "Titled Tuesday Blitz August 15 Early 2023"]
[White "Hartikainen, Jarmo"]
[Black "Taboas Rodriguez, Daniel"]
[WhiteFideId "503134"]
[BlackFideId "2208466"]
[WhiteElo "2106"]
[BlackElo "2536"]
[Result "1/2-1/2"]
[Round "1"]
[TimeControl "180+1"]
[Date "2023.08.15"]
[WhiteClock "0:00:16"]
[BlackClock "0:00:14"]
[Board "213"]

1. e4 e5 2. Nf3 Nc6 3. Bc4 Bc5 4. c3 Nf6 5. d4 exd4 6. b4 Bb6 7. e5 d5 8. exf6 dxc4 9. Qe2+ Be6 10. b5 d3 11. Qe4 Na5 12. fxg7 Rg8 13. Bg5 Qd5 14. Qxh7 Kd7 15. O-O Qf5 16. Qh6 Rae8 17. Nbd2 Bd5 18. Rae1 Qg6 19. Qxg6 fxg6 20. Bh6 c6 21. Ne5+ Kd6 22. Nxg6 cxb5 23. h4 Nc6 24. h5 b4 25. Bf4+ Kd7 26. h6 bxc3 27. Rxe8 Rxe8 28. h7 cxd2 29. h8=Q c3 30. Nf8+ Kd8 31. g8=Q Bxg8 32. Qxg8 Re1 33. Qd5+ Ke8 34. Bxd2 cxd2 35. Qxd3 Ba5 36. Qe3+ Rxe3 37. fxe3 Ne5 38. Kf2 Nc4 39. Ke2 Nb2 40. Ng6 b5 41. g4 Bc3 42. g5 a5 43. Nf4 b4 44. Nd5 Be5 45. g6 d1=Q+ 46. Rxd1 Nxd1 47. Kxd1 Kf8 48. Kc2 Kg7 49. Kb3 Kxg6 50. Ka4 Kf5 51. Kxa5 Ke4 52. Kxb4 Kxd5 53. a4 Kc6 54. a5 Kb7 55. Kc4 Ka6 56. Kd5 Bc3 57. e4 Kxa5 58. e5 Bxe5 1/2-1/2


[Site "https://www.chess.com"]

[Event "Titled Tuesday Blitz August 15 Early 2023"]
[White "MaryanKyrychenko"]
[Black "Larina, Maria"]
[BlackFideId "24113182"]
[WhiteElo "2535"]
[BlackElo "2104"]
[Result "1-0"]
[Round "1"]
[TimeControl "180+1"]
[Date "2023.08.15"]
[WhiteClock "0:00:10"]
[BlackClock "0:00:08"]
[Board "214"]

1. e4 c6 2. d4 d5 3. e5 Bf5 4. Nf3 e6 5. Be2 Ne7 6. O-O h6 7. Nbd2 Nd7 8. Nb3 Bh7 9. Re1 Qc7 10. Bd3 Ng6 11. h4 Be7 12. h5 Ngf8 13. Bxh7 Nxh7 14. a4 c5 15. dxc5 Nxc5 16. Nxc5 Bxc5 17. c3 a5 18. Be3 Bxe3 19. Rxe3 Ng5 20. Nd4 O-O 21. Nb5 Qb6 22. Qg4 Ne4 23. Rae1 Kh7 24. R1e2 Rac8 25. Qh4 Rc4 26. Nd4 Rxa4 27. Rf3 Ra1+ 28. Kh2 Qc7 29. Qf4 Ng5 30. Rg3 Rd1 31. Qg4 Rg8 32. f4 Ne4 33. Rxe4 dxe4 34. Qxd1 Rd8 35. Qe2 Qb6 36. Qxe4+ Kh8 37. f5 Qc5 38. fxe6 fxe6 39. Nxe6 Qe7 1-0


[Site "https://www.chess.com"]

[Event "Titled Tuesday Blitz August 15 Early 2023"]
[White "Vila Dupla, Aurelio"]
[Black "Toropov, Pavel"]
[WhiteFideId "2203383"]
[BlackFideId "24129178"]
[WhiteElo "2097"]
[BlackElo "2534"]
[Result "0-1"]
[Round "1"]
[TimeControl "180+1"]
[Date "2023.08.15"]
[WhiteClock "0:00:17"]
[BlackClock "0:00:19"]
[Board "215"]

1. Nf3 d5 2. d4 Nf6 3. c4 c6 4. cxd5 cxd5 5. Nc3 a6 6. Bf4 Nc6 7. e3 Bf5 8. Bd3 Bxd3 9. Qxd3 e6 10. O-O Be7 11. h3 O-O 12. Rfc1 Rc8 13. Ne5 Nd7 14. Nxd7 Qxd7 15. Ne2 Nb4 16. Qd2 Qb5 17. Rxc8 Rxc8 18. Rc1 Rxc1+ 19. Nxc1 Qc4 20. b3 Qc6 21. Nd3 Nxd3 22. Qxd3 Qc1+ 23. Kh2 h6 24. a4 Qb2 25. Kg1 Bb4 26. g4 Bc3 27. Bc7 Be1 28. Bg3 Bc3 29. Bc7 Qc1+ 30. Kg2 Bxd4 31. Qxd4 Qxc7 32. Qb4 Qc6 33. a5 d4+ 34. Kh2 dxe3 35. fxe3 Qf3 36. Qd4 Qf2+ 37. Kh1 Qe1+ 38. Kh2 Qe2+ 39. Kg3 Qe1+ 40. Kg2 Qxa5 41. h4 Qd5+ 42. Qxd5 exd5 43. Kf3 Kf8 44. Kf4 Ke7 45. Ke5 Kd7 46. Kxd5 b6 47. e4 g6 48. e5 a5 49. Kd4 Kc6 50. Ke4 b5 51. e6 fxe6 52. Ke5 a4 53. bxa4 bxa4 54. Kxe6 a3 55. Kf6 a2 56. Kxg6 a1=Q 57. Kxh6 Kd7 58. g5 Ke7 59. h5 Qh8+ 60. Kg6 Qg8+ 61. Kf5 Qd5+ 62. Kg6 Ke6 63. h6 Qf5+ 64. Kh5 Kf7 65. Kh4 Kg6 0-1


[Site "https://www.chess.com"]

[Event "Titled Tuesday Blitz August 15 Early 2023"]
[White "Degenbaev, Aziz"]
[Black "Sava, Christiansen-Danut-Eugen"]
[WhiteFideId "13802640"]
[BlackFideId "1210114"]
[WhiteElo "2532"]
[BlackElo "2096"]
[Result "0-1"]
[Round "1"]
[TimeControl "180+1"]
[Date "2023.08.15"]
[WhiteClock "0:00:00"]
[BlackClock "0:01:19"]
[Board "216"]

1. e4 e6 2. d4 d5 3. Nc3 Bb4 4. Qd3 Nf6 5. e5 Ne4 6. Ne2 O-O 7. a3 Bxc3+ 8. Nxc3 Nxc3 9. bxc3 c5 10. Be2 c4 11. Qg3 f5 12. exf6 Qxf6 13. O-O Nc6 14. Rb1 a6 15. a4 Ne7 16. Bg5 Nf5 17. Bxf6 Nxg3 18. hxg3 gxf6 19. Rb6 Kf7 20. Re1 Ke7 21. f4 f5 22. Bf3 Kd8 23. Kf2 a5 24. Rh1 Rf7 25. Rh6 Kc7 26. Rb1 Bd7 27. Rbh1 Kd6 28. Rxh7 Rxh7 29. Rxh7 Bxa4 30. Rxb7 Bxc2 31. Rb6+ Ke7 32. Rb2 Bb3 33. g4 fxg4 34. Bxg4 a4 35. Re2 Ra6 36. Re1 a3 37. Ke3 a2 38. Ra1 Kf6 39. Bh3 Bc2 40. g4 Bb1 41. Bf1 Rb6 42. Be2 Rb3 43. Kd2 Rb2+ 44. Ke3 Rc2 45. Bd1 Rxc3+ 46. Kd2 Rd3+ 47. Kc1 Rxd4 48. g5+ Kg7 49. Bg4 Rxf4 50. Bxe6 Rd4 51. Kb2 Rd2+ 52. Kc3 Rd3+ 53. Kb2 Kg6 54. Bg8 Kxg5 55. Bh7 c3+ 56. Kb3 c2+ 57. Bxd3 c1=Q 0-1


[Site "https://www.chess.com"]

[Event "Titled Tuesday Blitz August 15 Early 2023"]
[White "Politov, Pavel Y."]
[Black "Garagulya, Konstantin"]
[WhiteFideId "24110515"]
[BlackFideId "4128931"]
[WhiteElo "2092"]
[BlackElo "2531"]
[Result "0-1"]
[Round "1"]
[TimeControl "180+1"]
[Date "2023.08.15"]
[WhiteClock "0:00:33"]
[BlackClock "0:01:02"]
[Board "217"]

1. e4 c5 2. Nf3 a6 3. c4 Nc6 4. d4 cxd4 5. Nxd4 Nf6 6. Nc3 g6 7. f3 Bg7 8. Be3 O-O 9. Be2 d6 10. O-O Bd7 11. Rc1 Rc8 12. b3 Re8 13. Qd2 Qa5 14. Rfd1 h5 15. Nxc6 Bxc6 16. Nd5 Qxd2 17. Nxf6+ Bxf6 18. Rxd2 Kg7 19. Bd4 Bxd4+ 20. Rxd4 b5 21. cxb5 Bxb5 22. Bxb5 Rxc1+ 23. Bf1 Rec8 24. Rd2 a5 25. Kf2 R8c2 26. Rxc2 Rxc2+ 27. Be2 Rxa2 28. Ke3 Rb2 29. Bc4 Rxg2 30. h4 e5 31. Bd5 Rh2 32. Kd3 Rxh4 33. Kc4 Rh1 34. Kb5 Ra1 35. Kc6 h4 36. Kxd6 h3 37. Kxe5 h2 38. f4 h1=Q 39. Kd6 Qh2 40. e5 Qxf4 41. Bc4 Rd1+ 42. Kc5 Qxe5+ 43. Kb6 Rd6+ 44. Kc7 Qe7+ 45. Kc8 Rd8# 0-1


[Site "https://www.chess.com"]

[Event "Titled Tuesday Blitz August 15 Early 2023"]
[White "Ginzburg, Yakov"]
[Black "Winkels, Marcel"]
[WhiteFideId "4157176"]
[BlackFideId "1003887"]
[WhiteElo "2531"]
[BlackElo "2076"]
[Result "1-0"]
[Round "1"]
[TimeControl "180+1"]
[Date "2023.08.15"]
[WhiteClock "0:00:16"]
[BlackClock "0:00:00"]
[Board "218"]

1. e4 c5 2. Nf3 e6 3. Be2 Nc6 4. O-O Nf6 5. Nc3 d6 6. d4 cxd4 7. Nxd4 a6 8. Be3 Be7 9. a4 O-O 10. f4 Qc7 11. g4 Nxd4 12. Bxd4 e5 13. Be3 exf4 14. Bxf4 Be6 15. g5 Nd7 16. Qd4 Qb6 17. Rad1 Qxd4+ 18. Rxd4 Ne5 19. Nd5 Bxd5 20. Rxd5 Rfd8 21. c3 Ng6 22. Bg3 Rac8 23. Rfd1 Kf8 24. h4 Ke8 25. Bg4 Rc6 26. Kf2 Nf8 27. e5 dxe5 28. Rxd8+ Bxd8 29. Bxe5 f6 30. Bd4 fxg5 31. Bxg7 Ng6 32. Bd7+ Ke7 33. Bxc6 bxc6 34. hxg5 Bb6+ 35. Bd4 c5 36. a5 Ba7 37. Be3 Ne5 38. Rh1 Ng4+ 39. Kf3 Nxe3 40. Kxe3 c4+ 41. Ke4 Bc5 42. Rxh7+ Ke6 43. Rh6+ Kf7 44. Rxa6 Bf2 45. Kf5 Be1 46. Ra7+ Kg8 47. Rc7 Bd2 48. a6 Bc1 49. a7 1-0


[Site "https://www.chess.com"]

[Event "Titled Tuesday Blitz August 15 Early 2023"]
[White "Maluco_do_Natal_00"]
[Black "Williams, Simon K"]
[BlackFideId "404454"]
[WhiteElo "2069"]
[BlackElo "2530"]
[Result "0-1"]
[Round "1"]
[TimeControl "180+1"]
[Date "2023.08.15"]
[WhiteClock "0:00:02"]
[BlackClock "0:01:00"]
[Board "219"]

1. e4 c5 2. Nf3 d6 3. d4 cxd4 4. Nxd4 Nf6 5. Nc3 g6 6. Be3 a6 7. f3 h5 8. Qd2 Bg7 9. O-O-O b5 10. Kb1 Bb7 11. h4 Nbd7 12. Nb3 Rc8 13. a3 Ne5 14. Bg5 O-O 15. Bh6 Bxh6 16. Qxh6 Rxc3 17. bxc3 Qc7 18. Qd2 Rc8 19. Kb2 d5 20. Bd3 dxe4 21. fxe4 Bxe4 22. Rhe1 Bxd3 23. cxd3 Nd5 24. Rc1 Nf4 25. Re3 Nfxd3+ 26. Rxd3 Nc4+ 27. Ka2 Nxd2 28. Rxd2 a5 29. Nd4 e5 30. Nxb5 Qc4+ 31. Ka1 Qxb5 32. Rb2 Qa4 33. Ka2 Qxh4 34. c4 Rxc4 35. Rxc4 Qxc4+ 0-1


[Site "https://www.chess.com"]

[Event "Titled Tuesday Blitz August 15 Early 2023"]
[White "Janaszak, Dawid"]
[Black "Nugumanov, Bakhtiyar"]
[WhiteFideId "1119206"]
[BlackFideId "13701797"]
[WhiteElo "2530"]
[BlackElo "2068"]
[Result "1/2-1/2"]
[Round "1"]
[TimeControl "180+1"]
[Date "2023.08.15"]
[WhiteClock "0:00:18"]
[BlackClock "0:00:01"]
[Board "220"]

1. e4 e6 2. b3 d5 3. Bb2 dxe4 4. Nc3 Nf6 5. Qe2 c5 6. Nxe4 Nxe4 7. Qxe4 Nc6 8. Nf3 Bd7 9. O-O-O Qa5 10. Kb1 O-O-O 11. Bc4 Be7 12. Bxg7 Rhg8 13. Bb2 Rxg2 14. Ne5 Rxf2 15. Nxd7 Rxd7 16. Qxh7 Rdxd2 17. Rxd2 Qxd2 18. Bc1 Qc3 19. Bb2 Qf3 20. Rg1 Nd4 21. Bd3 Bd6 22. Bxd4 cxd4 23. Qh8+ Kc7 24. Qxd4 Rxh2 25. Qxa7 Rh1 26. Qa5+ Kd7 27. Rxh1 Qxh1+ 28. Kb2 Ke7 29. Qb5 f5 30. a4 Kf6 31. Qe8 Be5+ 32. Ka3 Qa1+ 33. Kb4 Qc3+ 34. Kb5 Qc7 35. Qh8+ Kg5 36. Qg8+ Kf4 37. Qg2 Bd4 38. b4 Qd7+ 39. Kc4 Be5 40. Qf1+ Kg5 41. Kb3 Kf6 42. Bc4 Qd4 43. a5 Qc3+ 44. Ka4 Qxc2+ 45. Bb3 Qc6+ 46. Ka3 f4 47. Qh3 f3 48. Qh4+ Kf7 49. Qh7+ Kf6 50. Qh6+ Kf7 51. Qh5+ Ke7 52. Qh7+ Kd6 53. Qd3+ Ke7 54. Qh7+ Kd6 55. Qd3+ Kc7 56. Qh7+ Kd6 1/2-1/2


[Site "https://www.chess.com"]

[Event "Titled Tuesday Blitz August 15 Early 2023"]
[White "Daurelle, Herve"]
[Black "Urbina Perez, Juan Antonio"]
[WhiteFideId "602655"]
[BlackFideId "2217368"]
[WhiteElo "2064"]
[BlackElo "2528"]
[Result "0-1"]
[Round "1"]
[TimeControl "180+1"]
[Date "2023.08.15"]
[WhiteClock "0:00:00"]
[BlackClock "0:00:18"]
[Board "221"]

1. e4 c5 2. Nf3 d6 3. d4 cxd4 4. Nxd4 Nf6 5. Nc3 Nc6 6. Bg5 Qb6 7. Nb3 e6 8. Be3 Qc7 9. Be2 a6 10. Qd2 Be7 11. O-O-O O-O 12. f4 b5 13. Bf3 Bb7 14. Rhe1 Rfc8 15. Kb1 Na5 16. Nxa5 Qxa5 17. Bd4 b4 18. Ne2 Qc7 19. e5 Nd5 20. Ng3 a5 21. f5 dxe5 22. Bxe5 Qc4 23. fxe6 fxe6 24. Ne4 a4 25. Nd6 Bxd6 26. Bxd6 Rc6 27. Bxd5 exd5 28. Qxd5+ Qxd5 29. Rxd5 b3 30. axb3 axb3 31. Rd2 bxc2+ 32. Rxc2 Rxd6 33. Rc7 Bd5 34. Ree7 Rg6 35. Rxg7+ Rxg7 36. Rxg7+ Kxg7 37. Kc2 Bxg2 38. Kc3 Bb7 39. Kd4 Rd8+ 40. Ke5 Rd2 41. Kf4 Rxh2 42. Kg3 Rxb2 43. Kf4 Rg2 0-1


[Site "https://www.chess.com"]

[Event "Titled Tuesday Blitz August 15 Early 2023"]
[White "D`Arruda, Ricardo D."]
[Black "Kriti Mayur Patel"]
[WhiteFideId "100692"]
[BlackFideId "35061780"]
[WhiteElo "2523"]
[BlackElo "2064"]
[Result "1-0"]
[Round "1"]
[TimeControl "180+1"]
[Date "2023.08.15"]
[WhiteClock "0:00:33"]
[BlackClock "0:00:32"]
[Board "222"]

1. d4 d5 2. Nf3 Nf6 3. c4 e6 4. e3 Be7 5. Nc3 O-O 6. Bd3 b6 7. O-O Bb7 8. Qe2 c5 9. Rd1 Nc6 10. dxc5 Bxc5 11. e4 d4 12. e5 Nd7 13. Ne4 Qc7 14. Bf4 Rad8 15. Nfg5 h6 16. Qh5 Ndxe5 17. Nxc5 bxc5 18. Nh7 f6 19. Nxf8 Rxf8 20. Be4 Qf7 21. Qxf7+ Rxf7 22. a3 Nxc4 23. Rdc1 N4a5 24. Bc2 e5 25. Bd2 c4 26. Ba4 Rc7 27. Bxc6 Nb3 28. Bxb7 Rxb7 29. Rd1 Nxa1 30. Rxa1 Rxb2 31. Bc1 Rc2 32. Kf1 d3 33. Be3 c3 34. Ke1 Re2+ 35. Kf1 e4 36. Rc1 d2 37. Kxe2 dxc1=Q 38. Bxc1 Kf7 39. Ke3 f5 40. Kd4 c2 41. Kc3 Ke6 42. Kxc2 Kd5 43. Bb2 g6 44. Bg7 h5 45. Bh6 Kc4 46. Bd2 a6 47. h4 Kd4 48. g3 Kc4 49. Bc3 Kb5 50. Kb3 a5 51. Bd4 a4+ 52. Kc3 Ka5 53. Kc4 Ka6 54. Kb4 Kb7 55. Be3 Kc6 56. Kxa4 Kd5 57. Kb3 Ke5 58. a4 f4 59. Bxf4+ Kf5 60. a5 Kg4 61. a6 g5 62. hxg5 e3 63. Bxe3 Kh3 64. g6 h4 65. g7 Kh2 66. gxh4 Kh3 67. g8=Q Kh2 68. f3 Kh1 69. Qg1# 1-0


[Site "https://www.chess.com"]

[Event "Titled Tuesday Blitz August 15 Early 2023"]
[White "Stangl, Anita, Dr."]
[Black "Khandelwal, Ankush"]
[WhiteFideId "4608801"]
[BlackFideId "413470"]
[WhiteElo "2061"]
[BlackElo "2522"]
[Result "0-1"]
[Round "1"]
[TimeControl "180+1"]
[Date "2023.08.15"]
[WhiteClock "0:01:00"]
[BlackClock "0:00:21"]
[Board "223"]

1. e4 c5 2. Nf3 d6 3. d4 cxd4 4. Nxd4 Nf6 5. Nc3 a6 6. Bc4 e6 7. O-O b5 8. Bd3 Bb7 9. a3 Nbd7 10. Nde2 Be7 11. Ng3 Rc8 12. f4 O-O 13. f5 Ne5 14. Kh1 d5 15. exd5 Nxd5 16. Nxd5 Qxd5 17. Qe2 Nxd3 18. cxd3 exf5 19. Rxf5 Qc6 20. Be3 Rfe8 21. Rc1 Qd7 22. Rxc8 Bxc8 23. Rf1 Bg5 24. Ne4 Bxe3 25. Qxe3 f5 26. Nf6+ gxf6 27. Qh6 Qg7 28. Qf4 Bb7 29. Rg1 Bxg2+ 30. Rxg2 Re1+ 0-1


[Site "https://www.chess.com"]

[Event "Titled Tuesday Blitz August 15 Early 2023"]
[White "Ordekalog"]
[Black "Nikulina, Alena"]
[BlackFideId "4172051"]
[WhiteElo "2522"]
[BlackElo "2059"]
[Result "1-0"]
[Round "1"]
[TimeControl "180+1"]
[Date "2023.08.15"]
[WhiteClock "0:00:44"]
[BlackClock "0:00:13"]
[Board "224"]

1. e4 c5 2. d3 g6 3. g3 Bg7 4. Bg2 d6 5. f4 Nc6 6. Nf3 e6 7. O-O Nge7 8. c3 O-O 9. Be3 a6 10. Nbd2 b5 11. d4 cxd4 12. cxd4 Bb7 13. Re1 Rc8 14. a3 Na5 15. Bf2 d5 16. e5 Nc4 17. b3 Nb6 18. Bf1 Qd7 19. b4 Nc4 20. Nb3 Nf5 21. Nc5 Qc6 22. g4 Nh6 23. h3 Kh8 24. Ra2 Rfd8 25. Bh4 Re8 26. Bf6 Ng8 27. Bxg7+ Kxg7 28. Rg2 f6 29. exf6+ Nxf6 30. Ne5 Nxe5 31. fxe5 Ne4 32. Bd3 Nxc5 33. bxc5 Rf8 34. Rf1 a5 35. Rgf2 b4 36. axb4 axb4 37. Rf6 Rxf6 38. exf6+ Kf7 39. Qd2 Qe8 40. Qxb4 Bc6 41. Qd2 e5 42. Qh6 e4 43. Qxh7+ Ke6 44. f7 Qf8 45. Qxg6+ Ke7 46. Ba6 Ra8 47. Qd6# 1-0


[Site "https://www.chess.com"]

[Event "Titled Tuesday Blitz August 15 Early 2023"]
[White "Souza Neves, Andrey M."]
[Black "Mammadzada, Gunay"]
[WhiteFideId "2101815"]
[BlackFideId "13403729"]
[WhiteElo "2058"]
[BlackElo "2522"]
[Result "1-0"]
[Round "1"]
[TimeControl "180+1"]
[Date "2023.08.15"]
[WhiteClock "0:00:08"]
[BlackClock "0:00:12"]
[Board "225"]

1. d4 d5 2. c4 c6 3. Nf3 Nf6 4. Nc3 dxc4 5. a4 Bf5 6. e3 e6 7. Bxc4 Bb4 8. O-O O-O 9. Qe2 Bg6 10. Ne5 Nbd7 11. Nxg6 hxg6 12. Rd1 Qc7 13. h3 e5 14. dxe5 Nxe5 15. Bb3 Rad8 16. Bc2 Rfe8 17. Bd2 Qa5 18. Be1 c5 19. Rxd8 Rxd8 20. Rd1 Re8 21. Ne4 Nxe4 22. Bxe4 Qxa4 23. Bxb7 c4 24. Bd5 Rd8 25. f4 Bxe1 26. fxe5 Ba5 27. Qf3 Kh7 28. Rf1 Bb6 29. Bxf7 c3 30. bxc3 Qc2 31. e6 Bc5 32. Qg3 Rd2 33. Qh4# 1-0


[Site "https://www.chess.com"]

[Event "Titled Tuesday Blitz August 15 Early 2023"]
[White "Lima, Kleyton Alcantara"]
[Black "ivana_999"]
[WhiteFideId "22718397"]
[WhiteElo "2521"]
[BlackElo "2040"]
[Result "1-0"]
[Round "1"]
[TimeControl "180+1"]
[Date "2023.08.15"]
[WhiteClock "0:00:44"]
[BlackClock "0:00:26"]
[Board "226"]

1. e4 e6 2. d4 d5 3. Nc3 Nf6 4. e5 Ng8 5. a3 c5 6. dxc5 Bxc5 7. Qg4 g6 8. h4 Ne7 9. h5 Qb6 10. Qf4 gxh5 11. Rxh5 Ng6 12. Qg3 Nc6 13. Nf3 Bd7 14. Bd3 O-O-O 15. Kf1 Nd4 16. b4 Nxf3 17. bxc5 Qxc5 18. Qxf3 Qxc3 19. Rb1 Nxe5 20. Qe2 Nxd3 21. cxd3 Bc6 22. Be3 d4 23. Bf4 Rd5 24. Rxd5 exd5 25. Rc1 Qxa3 26. Qe5 Qa5 27. Qxh8+ Kd7 28. Qxd4 Qb6 29. Qxb6 axb6 30. d4 b5 31. Ke2 b4 32. Rb1 Bb5+ 33. Kd2 Bc4 34. Rxb4 b5 35. Kc3 Ke6 36. Rb1 Kf5 37. g3 Ke4 38. Rh1 Kf3 39. Be3 Ke4 40. Rxh7 f5 41. Re7+ Kf3 42. Rf7 Kg4 43. Rc7 Kf3 44. Rxc4 bxc4 45. Kb4 Ke2 46. Kc5 c3 47. Kxd5 Kd1 48. Ke5 c2 49. d5 c1=Q 50. Bxc1 Kxc1 51. d6 Kd2 52. d7 Ke2 53. d8=Q Kxf2 54. Qh4 Kf3 55. Qf4+ Kg2 56. Qxf5 Kh2 57. g4 Kg2 58. g5 Kh2 59. g6 Kg2 60. g7 Kh2 61. Qg4 Kh1 62. g8=Q Kh2 63. Qh8# 1-0


[Site "https://www.chess.com"]

[Event "Titled Tuesday Blitz August 15 Early 2023"]
[White "Osiecki, Stanislaw"]
[Black "LeoLV10"]
[WhiteFideId "1102990"]
[WhiteElo "2035"]
[BlackElo "2521"]
[Result "1-0"]
[Round "1"]
[TimeControl "180+1"]
[Date "2023.08.15"]
[WhiteClock "0:00:51"]
[BlackClock "0:00:33"]
[Board "227"]

1. e4 c6 2. d4 d5 3. e5 c5 4. dxc5 e6 5. Nf3 Bxc5 6. Bd3 Nc6 7. c3 Nge7 8. Bf4 Ng6 9. Bg3 Qc7 10. Qe2 Bb6 11. O-O O-O 12. h4 Re8 13. h5 Nf8 14. h6 Ng6 15. hxg7 Bc5 16. b4 Be7 17. b5 Na5 18. Qd2 Kxg7 19. a4 Nc4 20. Bxc4 dxc4 21. Na3 b6 22. Nc2 Bb7 23. Ncd4 Rad8 24. Rfe1 h6 25. Qe3 Qc5 26. a5 Bd5 27. axb6 axb6 28. Ra7 Ra8 29. Rea1 Rxa7 30. Rxa7 Ra8 31. Rxa8 Bxa8 32. Nd2 Qd5 33. f3 Bc5 34. Ne4 Bxd4 35. Qxd4 Qxb5 36. Nd6 Qb1+ 37. Kh2 Qc2 38. Ne8+ Kf8 39. Qd8 h5 40. Nf6+ Kg7 41. Qg8+ Kh6 42. Qh7+ Kg5 43. Qxh5# 1-0


[Site "https://www.chess.com"]

[Event "Titled Tuesday Blitz August 15 Early 2023"]
[White "Kuzmin, Roman"]
[Black "Gyulamiryan-koryun"]
[WhiteFideId "44134932"]
[WhiteElo "2520"]
[BlackElo "2033"]
[Result "1-0"]
[Round "1"]
[TimeControl "180+1"]
[Date "2023.08.15"]
[WhiteClock "0:00:33"]
[BlackClock "0:00:01"]
[Board "228"]

1. e4 c6 2. d4 d5 3. Nc3 dxe4 4. Nxe4 Nf6 5. Nxf6+ exf6 6. c3 Bd6 7. Bd3 O-O 8. Qc2 Re8+ 9. Ne2 h5 10. O-O h4 11. Bf4 Be6 12. h3 Qc7 13. Bxd6 Qxd6 14. c4 Nd7 15. Rfe1 Rad8 16. Rad1 Nf8 17. b3 g6 18. Qd2 Kg7 19. Bb1 Nh7 20. Qf4 Qxf4 21. Nxf4 Ng5 22. Kf1 a5 23. f3 f5 24. Kf2 Kf6 25. d5 cxd5 26. cxd5 Bd7 27. Rxe8 Rxe8 28. Nd3 b6 29. a4 Ke7 30. Ne5 Kd6 31. f4 Rxe5 32. fxe5+ Kxe5 33. Bd3 Kd6 34. Ke3 Nh7 35. Bc4 g5 36. Kd4 Nf6 37. Re1 Ne4 38. Bd3 Nc5 39. Bc2 g4 40. Rf1 gxh3 41. gxh3 f4 42. Rxf4 Bxh3 43. Rxh4 Bd7 44. Rh6+ Kc7 45. Rf6 Be8 46. Kc4 Nd7 47. Rf2 Ne5+ 48. Kd4 Kd6 49. Rf6+ Ke7 50. Kxe5 1-0


[Site "https://www.chess.com"]

[Event "Titled Tuesday Blitz August 15 Early 2023"]
[White "Verony64"]
[Black "Risteski, Emil"]
[BlackFideId "15005267"]
[WhiteElo "2012"]
[BlackElo "2520"]
[Result "1/2-1/2"]
[Round "1"]
[TimeControl "180+1"]
[Date "2023.08.15"]
[WhiteClock "0:01:36"]
[BlackClock "0:01:15"]
[Board "229"]

1. e4 d6 2. Nc3 e5 3. g3 h5 4. Bg2 h4 5. d3 Be7 6. Be3 c5 7. Qd2 Nc6 8. f4 Nf6 9. f5 Ng4 10. Nf3 h3 11. Bf1 Nxe3 12. Qxe3 Nd4 13. O-O-O b5 14. Nd5 Bb7 15. Nxe7 Qxe7 16. c3 Nxf3 17. Qxf3 b4 18. c4 O-O-O 19. Kc2 Kb8 20. g4 Qh4 21. Rg1 g6 22. Rg3 gxf5 23. gxf5 Rdg8 24. Rxh3 Qg5 25. Rxh8 Rxh8 26. h3 Rh4 27. Be2 Kc7 28. Rf1 f6 29. Rf2 Qh6 30. Rh2 Bc6 31. Qg3 Ba4+ 32. b3 Be8 33. Qg8 Qf4 34. Rg2 Bd7 35. Qa8 Qe3 36. Qxa7+ Kc6 37. Qa6+ Kc7 38. Qa5+ Kc6 39. Qa8+ Kc7 40. Qa7+ Kc6 41. Qa6+ Kc7 42. Qa7+ 1/2-1/2


[Site "https://www.chess.com"]

[Event "Titled Tuesday Blitz August 15 Early 2023"]
[White "djathtaspogradec"]
[Black "Seifert, Henryk"]
[BlackFideId "1100963"]
[WhiteElo "2518"]
[BlackElo "2010"]
[Result "0-1"]
[Round "1"]
[TimeControl "180+1"]
[Date "2023.08.15"]
[WhiteClock "0:00:09"]
[BlackClock "0:00:07"]
[Board "230"]

1. e4 e6 2. b3 d5 3. Bb2 Nf6 4. e5 Nfd7 5. Nf3 c5 6. g3 Nc6 7. Bg2 Qc7 8. Qe2 Be7 9. O-O b6 10. Re1 Bb7 11. a3 h6 12. d4 cxd4 13. Nxd4 Nxd4 14. Bxd4 Rc8 15. Nc3 a6 16. b4 O-O 17. Qd2 Nb8 18. Qe3 Nd7 19. Rec1 b5 20. Ne2 Nb8 21. f4 Nc6 22. c3 Qd7 23. Kh1 Nxd4 24. Nxd4 Rc4 25. Bf1 Rc7 26. Rc2 Rfc8 27. Rac1 a5 28. Bxb5 Qd8 29. f5 exf5 30. Qf3 g6 31. Bd3 Bg5 32. Re1 Rxc3 33. Rxc3 Rxc3 34. Nb5 Rb3 35. Nd6 Ba8 36. b5 d4 37. Nb7 Qc7 38. b6 Qxb6 39. Be4 fxe4 40. Qg4 e3 41. h4 Qxb7+ 42. Kh2 Qg2# 0-1


[Site "https://www.chess.com"]